 Dungeon Crawl Stone Soup version 0.30-a0-381-g6ea064c7b4 (webtiles) character file.

Game seed: 14294955343743246050

56 pascalblue the Covered (level 3, 0/49 HPs)
             Began as an Armataur Fighter on Dec 1, 2022.
             Slain by an orc wizard
             ... wielding a +0 club
              (3 damage)
             ... on level 3 of the Dungeon.
             The game lasted 00:04:15 (1368 turns).

pascalblue the Covered (Armataur Fighter)           Turns: 1368, Time: 00:04:16

Health: 0/49       AC:  8    Str: 23    XL:     3   Next: 69%
Magic:  3/3        EV:  7    Int:  8    God:
Gold:   121        SH:  4    Dex:  9    Spells: 2/2 levels left

rFire   . . .      SeeInvis .    a - +0 flail
rCold   . . .      Faith    .    c - +0 buckler
rNeg    . . .      Spirit   .    b - +0 scale mail
rPois   .          Reflect  .    (no helmet)
rElec   .          Harm     .    (no cloak)
rCorr   .          Roll     +    i - +0 pair of gloves
Will    .....                    (no barding)
Stlth   ..........               (no amulet)
HPRegen 0.28/turn                (no ring)
MPRegen 0.08/turn                (no ring)

@: berserking, very quick
A: large, rugged brown scales 3, deformed body, armoured tail, roll, long
tongue, awkward tongue
a: no special abilities


You were on level 3 of the Dungeon.
You visited 1 branch of the dungeon, and saw 3 of its levels.

You collected 121 gold pieces.

Inventory:

Hand Weapons
 a - a +0 flail (weapon)
Armour
 b - a +0 scale mail (worn)
 c - a +0 buckler (worn)
 i - a +0 pair of gloves (worn)
Scrolls
 g - a scroll of fog {unknown}
 j - a scroll of teleportation {unknown}
 k - a scroll of blinking {unknown}
Potions
 d - a potion of might
 h - a potion of brilliance {unknown}
 l - a potion of heal wounds {unknown}


   Skills:
 + Level 3.2 Fighting
 + Level 2.3 Maces & Flails
 + Level 4.2 Armour
 + Level 3.8 Shields


You had 2 spell levels left.
You didn't know any spells.
Your spell library was empty.

Dungeon Overview and Level Annotations

Branches:
Dungeon (3/15)

Altars:


Innate Abilities, Weirdness & Mutations

You are completely covered in rugged brown scales. (AC +3, +7% HP)
Armour fits poorly on your strangely shaped body.
You have a long armoured tail.
You roll when moving toward enemies. (Rampage)
Your long tongue fully drains potion bottles. (2x potion effects)
Your tongue gives you trouble enunciating. (1.5x scroll delay)


Message History

A red film seems to cover your vision as you go berserk!
You feel yourself moving faster!
You feel mighty! The kobold hits you with a +0 club.
* * * LOW HITPOINT WARNING * * *
You block the goblin's attack. The orc hits you but does no damage.
You thump the orc!
You kill the orc!
The kobold hits you but does no damage. You block the goblin's attack.
You hit the kobold.
You kill the kobold!
You block the goblin's attack.
Items here: ))))) †††.
You feel a strong urge to attack something.
You roll towards the goblin!
You closely miss the goblin. The goblin hits you but does no damage.
You sock the goblin!
You kill the goblin!
You miss something. Something hits you.
* * * LOW HITPOINT WARNING * * *
You miss something.
Your tail-slap misses something.
You hear some strange, mumbled words.
Something tries to affect you, but you resist.
You miss something.
Your tail-slap misses something.
You barely miss something. You tail-slap something.
Something hits you but does no damage.
You miss something.
Your tail-slap misses something.
Something hits you but does no damage.
You hit something.
Your tail-slap misses something.
Something hits you but does no damage.
You miss something. Something hits you but does no damage.
You closely miss something. Something hits you but does no damage.
You barely miss something. Something hits you.
* * * LOW HITPOINT WARNING * * *
You hit something. You miss something. Something hits you.
* * * LOW HITPOINT WARNING * * *
You miss something. Something hits you.
* * * LOW HITPOINT WARNING * * *
You miss something.
Your tail-slap misses something.
Something hits you.
You die...

.♣♣♣. ..P♣♣♣. ..PP.
P...P.P ..... .o......
#... #....... ...###
#... ... #...#
#####.##...<
#.)#####...........
#{#..........#....
#@#.o.....<.......
#.#.o.............
#.................
.................#.....
.................#...#.
.................###.#
...........>...... ...
........##........ ..
........# ......


There were no monsters in sight!

Vanquished Creatures
  2 orcs (D:3)
  3 ball pythons (D:1)
  6 endoplasms
  3 giant cockroaches (D:1)
  8 goblins
  4 hobgoblins (D:1)
  3 jackals (D:1)
  3 kobolds
  2 quokkas (D:1)
  4 bats
  3 frilled lizards
  3 rats (D:1)
44 creatures vanquished.

Vanquished Creatures (others)
  8 plants (D:3)
8 creatures vanquished.

Grand Total: 52 creatures vanquished

Notes
Turn   | Place    | Note
-------+----------+-------------------------------------------
     0 | D:1      | pascalblue the Armataur Fighter began the quest for the
                  | Orb.
     0 | D:1      | Reached XP level 1. HP: 19/19 MP: 1/1
    87 | D:1      | Reached XP level 2. HP: 26/26 MP: 2/2
   281 | D:1      | Reached skill level 4 in Armour
   378 | D:1      | Reached XP level 3. HP: 33/33 MP: 3/3
   823 | D:2      | Found a faded altar of an unknown god.
  1368 | D:3      | Slain by an orc wizard

Illustrated notes

Levels and vault maps discovered:
D:1:      nzn_arrival_depleted_hourglass, layout_rooms, minmay_octomino_e4
D:2:      layout_loops_ring, ebering_ecumenical_altar_mist
D:3:      layout_basic, gammafunk_ghost_grave, kennysheep_nub, kennysheep_boxes

Skill      XL: |  1  2 |
---------------+-------+-----
Maces & Flails | 2 |  2.3
Fighting       | 3 |  3.2
Armour         | 4 |  4.2
Shields        | |  3.8

Action                   || total
-------------------------++-------
Melee: Flail             ||   167
       Tailslap          ||    11
  Use: Scroll            ||     1
       Potion            ||     1
Armor: Scale mail        ||   127
Dodge: Dodged            ||    71
Block: Buckler           ||    47

Table legend: (Time is in decaauts)
 A = Elapsed time spent in this place.
 B = Non-inter-level travel time spent in this place.
 C = Inter-level travel time spent in this place.
 D = Time resting spent in this place.
 E = Time spent auto-exploring this place.
 F = Levels seen in this place.
 G = Mean time per level.
                   A        B        C        D        E       F      G
               +--------+--------+--------+--------+--------+-----+--------+
         Total |   1413 |   1392 |     21 |     46 |    931 |   3 |  471.0 |
       Dungeon |   1413 |   1392 |     21 |     46 |    931 |   3 |  471.0 |
               +--------+--------+--------+--------+--------+-----+--------+

Top non-repeatable levels by time:
     D:1: 762 daAuts
     D:2: 565 daAuts
     D:3: 85 daAuts
